 Dungeon Crawl Stone Soup version 0.19.0-1-g5985abe (webtiles) character file.

2450 Inkary the Cleaver (level 9, 0/58 HPs)
             Began as a Formicid Fighter on Nov 2, 2016.
             Was an Initiate of Hepliaklqana.
             Killed from afar by an electric eel (15 damage)
             ... with a bolt of electricity
             ... on level 7 of the Dungeon.
             The game lasted 00:21:21 (5954 turns).

Inkary the Cleaver (Formicid Fighter)               Turns: 5954, Time: 00:21:22

Health: 0/58       AC:  9    Str: 24    XL:     9   Next: 78%
Magic:  10/10      EV: 11    Int:  8    God:    Hepliaklqana [......]
Gold:   282        SH: 12    Dex: 12    Spells: 0 memorised, 8 levels left

rFire  . . .     SeeInvis +     a - +0 war axe
rCold  + . .     Gourm    .     H - +2 ring mail {rC+}
rNeg   . . .     Faith    .     c - +0 shield
rPois  .         Spirit   .     (helmet unavailable)
rElec  .         Reflect  .     C - +0 cloak
rCorr  .         Harm     +     (no gloves)
MR     .....                    (no boots)
Stlth  +.........               e - amulet of harm
                                n - +1 ring of evasion
                                m - +2 ring of dexterity

@: no status effects
A: permanent stasis, dig shafts and tunnels, four strong arms, reduced essence,
antennae 3
a: Dig, Shaft Self, Recall Ancestor, Ancestor Identity, Renounce Religion


You were on level 7 of the Dungeon.
You worshipped Hepliaklqana.
Hepliaklqana was noncommittal.
You were not hungry.

You visited 2 branches of the dungeon, and saw 8 of its levels.
You also visited: Sewer.

You collected 282 gold pieces.

Inventory:

Hand Weapons
 a - a +0 war axe (weapon)
Armour
 c - a +0 shield (worn)
 C - a +0 cloak (worn)
 H - a +2 ring mail of cold resistance (worn)
Jewellery
 e - an amulet of harm (around neck)
 m - a +2 ring of dexterity (left hand)
 n - a +1 ring of evasion (right hand)
 r - an uncursed ring of magical power
 y - an uncursed amulet of the gourmand
Wands
 b - a wand of disintegration (5/24)
 h - a wand of polymorph (8/24)
 D - a wand of iceblast (11/15)
Scrolls
 g - 2 scrolls of immolation {unknown}
 j - 4 scrolls of fear
 p - a scroll of enchant armour {unknown}
 q - a scroll of blinking {unknown}
 s - 3 scrolls of remove curse
 u - a scroll of enchant weapon
 v - a scroll of noise {unknown}
 G - a scroll of recharging {unknown}
Potions
 d - 2 potions of might
 i - a potion of agility
 o - 2 potions of lignification
 t - 3 potions of invisibility
 w - 2 potions of magic
 x - 2 potions of heal wounds
 z - a potion of berserk rage {unknown}
 A - 2 potions of cancellation
 B - 3 potions of flight
 E - a potion of mutation {unknown}
 F - a potion of curing
Comestibles
 f - 3 bread rations
 k - 2 beef jerkies
 l - 2 meat rations


   Skills:
 + Level 3.8 Fighting
 * Level 10.2 Axes
 + Level 3.7 Armour
 - Level 9.1 Shields
 + Level 1.4 Invocations


You had 8 spell levels left.
You didn't know any spells.

Dungeon Overview and Level Annotations

Branches:
Dungeon (7/15)             Temple (1/1) D:4

Altars:
Dithmenos
Fedhas
Gozag
Hepliaklqana
Makhleb
Uskayaw
Xom
Yredelemnul
The Shining One

Shops:
D:6 (


Innate Abilities, Weirdness & Mutations

You are under a permanent stasis effect.
You can dig through walls and to a lower floor.
Your four strong arms can wield two-handed weapons with a shield.
You have a pair of large antennae on your head. (SInv)
Your life essence is reduced. (-10% HP)


Message History

The electric eel shoots out a bolt of lightning at you!
The bolt of electricity hits the plant.
The bolt of electricity hits the adder.
The adder dies!
The bolt of electricity hits you!
The electric eel shoots out a bolt of lightning at you!
The bolt of electricity hits the plant.
The bolt of electricity hits you!
The electric eel shoots out a bolt of lightning at you!
The bolt of electricity hits the plant.
The bolt of electricity hits you!
You see here an adder corpse.
You enter the shallow water.
Moving in this stuff is going to be slow.
The electric eel shoots out a bolt of lightning at you!
The bolt of electricity hits Decima.
The bolt of electricity hits the plant.
The bolt of electricity hits you!
* * * LOW HITPOINT WARNING * * *
You are too injured to fight recklessly!
Decima hits the electric eel!
The electric eel shoots out a bolt of lightning at you!
The bolt of electricity hits Decima.
The bolt of electricity hits you!
You die...

.....#..#.#...≈≈≈≈≈P
.............≈P≈≈≈≈≈...#
.....#.....<..≈≈≈≈≈≈≈..#
#<.....##...≈≈≈≈PP...
#.#.#.......≈≈≈≈≈≈...
#.#.+........P≈≈≈.P..
#.###.......≈≈≈≈≈≈≈..
#.# #........≈≈≈≈≈...
#.. #.......P@≈R;P...
..# ####+#...≈P≈≈≈...
#.#.####.#.#..P≈≈≈...
........†.≈≈≈≈....
....#.#....≈≈≈≈... ..
#.#...≈≈≈≈.... #
#....≈≈≈.≈.#
#...≈P≈≈P...
#...≈≈≈≈≈≈..


You could see the friendly Decima the ancestor and an electric eel.

Vanquished Creatures
  The ghost of varam the Cleaver, a novice HOMo (D:4)
  Prince Ribbit (D:6)
  Eustachio (D:5)
  Purgy (Sewer)
  An orc warrior (D:6)
  A sky beast (D:6)
  A phantom (D:4)
  A necrophage (D:6)
  A centaur (D:6)
  A bullfrog (D:6)
  A scorpion (D:6)
  3 wights (D:6)
  2 bullfrog zombies
  2 crimson imps (D:6)
  A quasit (D:7)
  3 hounds
  4 orc wizards
  2 bullfrog skeletons (D:5)
  An iguana (D:5)
  Natasha (thrice) (D:4)
  5 worker ants
  2 hound zombies
  A hound skeleton (D:6)
  5 adders
  2 oozes
  An adder skeleton (D:6)
  2 worms (D:3)
  3 dart slugs
  8 leopard geckos
  12 orcs
  5 bats
  6 giant cockroaches
  9 goblins
  7 hobgoblins
  7 jackals
  6 kobolds
  4 quokkas
  5 ball pythons
  8 frilled lizards
  8 rats
138 creatures vanquished.

Vanquished Creatures (collateral kills)
  An ogre (D:5)
  A wight (D:6)
  An orc wizard (D:5)
  A worker ant (D:6)
  An orc (D:6)
  A jackal (D:6)
6 creatures vanquished.

Vanquished Creatures (others)
  An adder (D:7)
1 creature vanquished.

Grand Total: 145 creatures vanquished

Notes
Turn   | Place    | Note
-------+----------+-------------------------------------------
     0 | D:1      | Inkary the Formicid Fighter began the quest for the Orb.
     0 | D:1      | Reached XP level 1. HP: 18/18 MP: 1/1
   160 | D:1      | Reached XP level 2. HP: 20/24 MP: 2/2
   383 | D:1      | Reached XP level 3. HP: 19/29 MP: 3/3
   698 | D:1      | Reached skill level 3 in Axes
  1083 | D:2      | Reached XP level 4. HP: 34/35 MP: 4/4
  1527 | D:3      | Found a glowing drain.
  1565 | Sewer    | Entered a sewer
  1651 | Sewer    | Reached skill level 5 in Shields
  1893 | Sewer    | Noticed Purgy
  1903 | Sewer    | Killed Purgy
  1903 | Sewer    | Reached skill level 4 in Axes
  1903 | Sewer    | Reached XP level 5. HP: 33/41 MP: 5/5
  2069 | D:3      | Reached XP level 6. HP: 39/47 MP: 6/6
  2353 | D:3      | Found a basalt altar of Yredelemnul.
  2366 | D:3      | You fall through a shaft for 3 floors!
  2424 | D:6      | Reached skill level 5 in Axes
  2443 | D:6      | Noticed Prince Ribbit
  2700 | D:7      | Noticed a sky beast
  2710 | D:6      | Reached XP level 7. HP: 20/52 MP: 7/7
  2948 | D:5      | Entered Level 5 of the Dungeon
  2988 | D:5      | Reached skill level 6 in Axes
  3245 | D:4      | Noticed Natasha
  3249 | D:4      | Killed Natasha
  3308 | D:4      | Noticed varam's ghost (novice HOMo)
  3322 | D:4      | Noticed Natasha
  3707 | D:4      | Reached XP level 8. HP: 58/58 MP: 8/8
  3804 | D:4      | Reached skill level 7 in Axes
  3856 | D:4      | Killed varam's ghost
  3856 | D:4      | Reached skill level 8 in Axes
  3870 | D:4      | Killed Natasha
  4123 | D:4      | Noticed Natasha
  4127 | D:4      | Killed Natasha
  4188 | D:4      | Found a staircase to the Ecumenical Temple.
  4286 | Temple   | Entered the Ecumenical Temple
  4299 | Temple   | Became a worshipper of Hepliaklqana the Forgotten
  4502 | D:5      | Reached XP level 9. HP: 23/57 MP: 9/9
  4798 | D:5      | Noticed Eustachio
  4816 | D:5      | Killed Eustachio
  4816 | D:5      | Reached skill level 9 in Axes
  5224 | D:6      | Found Muurcheyxt's Weapon Shop.
  5392 | D:6      | Reached * piety under Hepliaklqana
  5441 | D:6      | Found a burning altar of Makhleb.
  5643 | D:6      | Reached skill level 10 in Axes
  5654 | D:6      | Killed Prince Ribbit
  5654 | D:6      | Reached skill level 1 in Invocations
  5689 | D:6      | Found a hide-covered altar of Uskayaw.
  5689 | D:6      | Found a shimmering altar of Xom.
  5954 | D:7      | Killed from afar by an electric eel

Skill      XL: |  1  2  3  4  5  6  7  8  9 |
---------------+----------------------------+-----
Shields        | 4 5 6 8 9 |  9.1
Axes           | 3 4 5 6 8 10 | 10.2
Invocations    | 1 |  1.4
Fighting       | |  3.8
Armour         | |  3.7

Action                   |  1- 3 |  4- 6 |  7- 9 || total
-------------------------+-------+-------+-------++-------
Melee: War axe           |   114 |   165 |   279 ||   558
Invok: Ancestor Identity |       |       |     2 ||     2
  Use: Potion            |       |     1 |     3 ||     4
       Scroll            |       |       |    11 ||    11
 Stab: Distracted        |       |       |     1 ||     1
  Eat: Chunk             |     1 |     5 |    11 ||    17
Armor: Scale mail        |    60 |   110 |    62 ||   232
       Skin              |       |       |     5 ||     5
       Ring mail         |       |       |     1 ||     1
Dodge: Dodged            |    47 |    84 |    82 ||   213
Block: Shield            |    69 |    95 |   125 ||   289
